 Dungeon Crawl Stone Soup version bcrawl-1.39.1 (webtiles) character file.

Game seed: 9771519243404376588

243874 Notanamesir the Ruffian (level 8, -5/49 HPs)
             Began as a Gargoyle Transmuter on Aug 31, 2023.
             Slain by a two-headed ogre
             ... wielding a +0 giant club
              (27 damage)
             ... on level 5 of the Dungeon.
             The game lasted 00:10:32 (3909 turns).

Notanamesir the Ruffian (Gargoyle Transmuter)       Turns: 3909, Time: 00:10:32

Health: -5/49      AC: 12    Str: 14    XL:     8   Next: 6%
Magic:  13/13      EV: 11    Int: 16    God:
Gold:   195        SH:  0    Dex: 14    Spells: 3/14 levels left

rFire    + . .     GDR:     35%   - Fists (9.5)
rCold    . . .     SeeInvis .   (no shield)
rNeg     + . .     Gourm    .   j - +1 leather armour {rF+}
rPois    ∞         Faith    .   (no helmet)
rElec    +         Spirit   .   d - +1 cloak
rCorr    .         Reflect  .   (no gloves)
MR       .....                  m - +0 pair of boots
Stlth    +.........             (no amulet)
HPRegen  0.18/turn              f - +4 ring of dexterity
MPRegen  0.13/turn              (no ring)

@: confused
A: negative energy resistance 1, electricity resistance, partial torment
resistance, unbreathing, petrification resistance, rot immunity, AC +5
a: no special abilities


You were on level 5 of the Dungeon.
You were not hungry.

You visited 1 branch of the dungeon, and saw 5 of its levels.

You collected 345 gold pieces.
You spent 150 gold pieces at shops.

Inventory:

Hand Weapons
 p - a +4 quarterstaff of chaos
Missiles
 a - 120 arrows
Armour
 d - a +1 cloak (worn)
 j - a +1 leather armour of fire resistance (worn)
 m - a +0 pair of boots (worn)
Jewellery
 f - a +4 ring of dexterity (left hand)
Wands
 g - a wand of polymorph (14)
 h - a wand of iceblast (6)
Scrolls
 b - a scroll of enchant weapon
 o - 4 scrolls of teleportation
 q - 2 scrolls of remove curse
Potions
 k - a potion of agility {unknown}
Comestibles
 e - 5 rations {!d}


   Skills:
 - Level 5.0 Fighting
 - Level 1.5 Dodging
 - Level 5.0 Unarmed Combat
 - Level 3.6 Spellcasting
 - Level 3.2 Transmutations
 + Level 4.0 Ice Magic


You had 3 spell levels left.
You knew the following spells:

 Your Spells              Type           Power        Failure   Level  Hunger
a - Blade Hands           Tmut           ##........   86%         5    ######.
b - Sticks to Snakes      Tmut           ##......     9%          2    None
c - Ice Form              Ice/Tmut       ##......     45%         4    #####..

Your spell library contained the following spells:

 Spells                   Type           Power        Failure   Level  Hunger
 Beastly Appendage        Tmut           ##....       6%          1    None
 Passwall                 Tmut/Erth      #.......     17%         2    None
 Spider Form              Tmut/Pois      #..          34%         3    ####...


Dungeon Overview and Level Annotations

Branches:
Dungeon (5/12)
 Temple: D:4-7

Altars:
Sif Muna
Xom

Shops:
D:4 (   D:5 [


Innate Abilities, Weirdness & Mutations

You are resistant to torment.
Your stone body is resilient. (AC +5)
You are immune to poison.
You resist negative energy. (rN+)
You are resistant to electric shocks. (rElec)
You are less affected by unholy pain and torment.
You can survive without breathing.
You are immune to petrification.
You are immune to rotting.


Message History

Okay, then.
It was a potion of ambrosia.
You are confused.
You feel invigorated.
You bump into the rock wall.
The two-headed ogre hits you with a +0 giant club!
The two-headed ogre closely misses you.
You bump into the rock wall.
The two-headed ogre hits you with a +0 giant club!!
* * * LOW HITPOINT WARNING * * *
The two-headed ogre hits you with a +0 giant spiked club.
* * * LOW HITPOINT WARNING * * *
You bump into the rock wall.
You bump into the rock wall.
The two-headed ogre hits you but does no damage.
The two-headed ogre closely misses you.
You closely miss the two-headed ogre.
The two-headed ogre hits you with a +0 giant club!!
Ouch! That really hurt!
You die...

#....##....#.....
#.....#...##...#
#....##...##...###
+....##...##.....#
#................#
#................# ##
#.##.##..###.#####
.####.##.##..###O##.##+#
.......+........@.......
...<...#................
.......#................
.∩.....#.......>....!..#
.##.####.##..##..##....#
.##.####.###+##..# ....#
....>............+ ....#
.............##### ...#
.............##


You could see a two-headed ogre.

Vanquished Creatures
  Sigmund (D:4)
  A phantom (D:4)
  A necrophage (D:5)
  A killer bee (D:4)
  2 hounds
  A crimson imp (D:4)
  Crazy Yiuf (D:3)
  2 orc wizards (D:3)
  Ijyb (D:4)
  Jessica (D:3)
  3 worker ants (D:4)
  A hound zombie (D:5)
  7 adders
  2 howler monkey skeletons (D:4)
  4 oozes
  2 worms (D:2)
  7 dart slugs
  A leopard gecko (D:4)
  7 orcs
  3 ball pythons
  2 giant cockroaches (D:2)
  4 goblins
  8 hobgoblins
  A jackal (D:1)
  2 quokkas
  3 bats
  7 frilled lizards
  9 kobolds
  8 rats
93 creatures vanquished.

Vanquished Creatures (others)
  A goblin (D:2)
1 creature vanquished.

Grand Total: 94 creatures vanquished

Notes
Turn   | Place    | Note
-------+----------+-------------------------------------------
     0 | D:1      | Notanamesir the Gargoyle Transmuter began the quest for the
                  | Orb.
     0 | D:1      | Reached XP level 1. HP: 12/12 MP: 3/3
   295 | D:1      | Reached XP level 2. HP: 17/17 MP: 5/5
   969 | D:2      | Reached XP level 3. HP: 22/22 MP: 6/6
  1587 | D:2      | Reached XP level 4. HP: 28/28 MP: 7/7
  1707 | D:2      | Learned a level 2 spell: Sticks to Snakes
  1712 | D:2      | Learned a level 4 spell: Ice Form
  1828 | D:2      | Found a shimmering altar of Xom.
  1830 | D:2      | Found a stormy altar of Qazlal.
  1830 | D:2      | Found a shimmering blue altar of Sif Muna.
  1832 | D:2      | Found a hide-covered altar of Uskayaw.
  1832 | D:2      | Found a sacrificial altar of Ru.
  1832 | D:2      | Found a basalt altar of Yredelemnul.
  2067 | D:3      | Noticed Jessica
  2085 | D:3      | Killed Jessica
  2125 | D:3      | Reached XP level 5. HP: 32/32 MP: 8/8
  2468 | D:3      | Found a runed door.
  2867 | D:3      | Noticed Crazy Yiuf
  2879 | D:3      | Killed Crazy Yiuf
  2880 | D:3      | Reached skill level 5 in Unarmed Combat
  2880 | D:3      | Reached XP level 6. HP: 25/39 MP: 9/9
  3052 | D:4      | Noticed Ijyb
  3053 | D:4      | Noticed a phantom
  3066 | D:4      | Killed Ijyb
  3067 | D:4      | Reached skill level 5 in Fighting
  3086 | D:4      | Killed a phantom
  3125 | D:4      | Found Boint's Weapon Shop.
  3146 | D:4      | Noticed Sigmund
  3189 | D:4      | Killed Sigmund
  3190 | D:4      | Reached XP level 7. HP: 18/44 MP: 10/12
  3309 | D:4      | Learned a level 5 spell: Blade Hands
  3526 | D:4      | Reached skill level 1 in Ice Magic
  3810 | D:5      | Entered Level 5 of the Dungeon
  3810 | D:5      | Found Ysih's Antique Armour Emporium.
  3837 | D:5      | Bought a glowing leather armour for 150 gold pieces
  3881 | D:5      | Noticed a two-headed ogre
  3903 | D:5      | Reached XP level 8. HP: 44/49 MP: 13/13
  3909 | D:5      | Slain by a two-headed ogre

Skill      XL: |  1  2  3  4  5  6  7 |
---------------+----------------------+-----
Fighting       | 2 3 4 5 |  5.0
Unarmed Combat | 4 5 |  5.0
Transmutations | 3 |  3.2
Spellcasting   | 3 |  3.6
Ice Magic      | 4 |  4.0
Dodging        | |  1.5

Action                   |  1- 3 |  4- 6 |  7- 9 || total
-------------------------+-------+-------+-------++-------
Melee: Unarmed           |   139 |   171 |   115 ||   425
       Punch             |       |     3 |       ||     3
  Use: Scroll            |     5 |     6 |       ||    11
       Potion            |       |     3 |     1 ||     4
 Stab: Sleeping          |     1 |     1 |       ||     2
  Eat: Chunk             |     1 |     6 |     1 ||     8
       Ration            |     1 |     1 |     1 ||     3
Armor: Leather armour    |    39 |       |    12 ||    51
       Scale mail        |     5 |    75 |    50 ||   130
       Skin              |       |    41 |       ||    41
Dodge: Dodged            |    62 |    55 |    45 ||   162
